 Dungeon Crawl Stone Soup version 0.30-a0-718-geaa24f58ff (webtiles) character file.

Game seed: 15710934062522722585

234 Sabo the Digger (level 6, -1/37 HPs)
             Began as an Octopode Earth Elementalist on Jan 25, 2023.
             Was a Believer of Qazlal.
             Slain by an orc wizard
             ... wielding a +0 dagger
              (3 damage)
             ... on level 3 of the Dungeon on Jan 26, 2023.
             The game lasted 00:17:38 (3480 turns).

Sabo the Digger (Octopode Earth Elementalist)       Turns: 3480, Time: 00:17:39

Health: -1/37      AC:  1    Str:  7    XL:     6   Next: 5%
Magic:  9/11       EV: 13    Int: 19    God:    Qazlal [**....]
Gold:   120        SH:  3    Dex: 13    Spells: 11/12 levels left

rFire   x . .      SeeInvis .    i - +0 mace
rCold   + . .      Faith    .    (no shield)
rNeg    . . .      Spirit   .    (helmet restricted)
rPois   .          Reflect  .    (no amulet)
rElec   .          Harm     .    j - ring of ice
rCorr   .          Rampage  .    (no ring)
Will    .....                    (no ring)
Stlth   +++                      (no ring)
HPRegen 0.26/turn                (no ring)
MPRegen 0.12/turn                (no ring)
                                 (no ring)
                                 (no ring)

@: no status effects
A: almost no armour, amphibious, 8 rings, camouflage 1, gelatinous body 1,
(nimble swimmer 1), tentacles
a: Renounce Religion, Upheaval


You were on level 3 of the Dungeon.
You worshipped Qazlal.
Qazlal was pleased with you.
You visited 1 branch of the dungeon, and saw 3 of its levels.

You collected 120 gold pieces.

Inventory:

Hand Weapons
 a - a +0 sling
 i - a +0 mace (weapon)
Jewellery
 j - a ring of ice (left tentacle)
Scrolls
 b - a scroll of enchant armour {unknown}
 c - a scroll of poison {unknown}
 d - a scroll of enchant weapon {unknown}
 g - a scroll of teleportation {unknown}
 l - 2 scrolls of identify {unknown}
 n - a scroll of amnesia {unknown}
Potions
 e - a potion of brilliance {unknown}
 f - a potion of ambrosia {unknown}
 h - 2 potions of degeneration {unknown}
 k - a potion of resistance {unknown}
 m - a potion of curing
 o - a potion of invisibility {unknown}


   Skills:
 + Level 0.5 Fighting
 + Level 0.1 Maces & Flails
 + Level 2.3 Dodging
 + Level 2.9 Stealth
 + Level 3.6 Spellcasting
 + Level 1.0 Transmutations
 + Level 5.2 Earth Magic


You had 11 spell levels left.
You knew the following spells:

 Your Spells              Type           Power      Damage    Failure   Level
a - Sandblast             Erth           46%        2d11      1%          1

Your spell library contained the following spells:

 Spells                   Type           Power      Damage    Failure   Level
 Passwall                 Tmut/Erth      12%        N/A       6%          2
 Stone Arrow              Conj/Erth      26%        3d8       14%         3
 Petrify                  Tmut/Erth      15%        N/A       36%         4


Dungeon Overview and Level Annotations

Branches:
Dungeon (3/15)

Altars:
Qazlal

Shops:
D:2 :(*[


Innate Abilities, Weirdness & Mutations

You cannot wear most types of armour.
You are amphibious.
You can wear up to eight rings at the same time.
Your skin changes colour to match your surroundings (Stealth+).
Your rubbery body absorbs attacks. (AC +1, EV +1)
((You are camouflaged when in or above water. (Stealth+)))
You have tentacles for arms and can constrict up to eight enemies at once.


Message History

Qazlal accepts your kill. The orc wizard casts a spell at you.
The magic dart hits you!
You bump into the rock wall.
You bump into the rock wall.
The orc wizard hits you with a +0 dagger.
You're too confused to move!
You feel less confused. The orc wizard barely misses you.
You hit the orc wizard. Your grab misses the orc wizard.
Your squeeze misses the orc wizard.
The orc wizard is moderately wounded.
The orc wizard closely misses you. The orc hits you with a +0 morningstar!
The orc wizard closely misses you. The orc closely misses you.
You closely miss the orc wizard. Your grab misses the orc wizard.
The orc wizard is moderately wounded.
The orc wizard points at you and mumbles some strange words.
The magic dart hits you!
* * * LOW HITPOINT WARNING * * *
The orc misses you.
You barely miss the orc wizard. You grab the orc wizard.
You squeeze the orc wizard, but do no damage.
The orc wizard is moderately wounded.
You constrict the orc wizard.
The orc wizard hits you with a +0 dagger.
* * * LOW HITPOINT WARNING * * *
The orc barely misses you. The orc hits you with a +0 morningstar.
* * * LOW HITPOINT WARNING * * *
You block the orc wizard's attack.
Casting: Sandblast (safe; 1% risk of failure)
Confirm with . or Enter, or press ? or * to list all spells.
Aiming: Sandblast (safe; 1% risk of failure)
Press: ? - help, Shift-Dir - straight line, f - orc
Aim: an orc, wielding a +0 morningstar (83% to hit)
The blast of sand hits the orc!
You kill the orc!
Qazlal accepts your kill.
You constrict the orc wizard.
The orc wizard hits you with a +0 dagger.
You die...

#.....[......#
###...###.####
##.## #.# #.#
#.. #.# #.## .
#.. ..# ...
### #.###.)..
###.)..$...
#..@o......
#.###.#....
#.# .# # #.# #
#.# #.# #.#
#.# #.# #.


You could see an orc wizard.

Vanquished Creatures
  A howler monkey (D:3)
  An iguana (D:3)
  Natasha (twice) (D:2)
  Robin (D:2)
  A gnoll (D:1)
  3 adders
  A dart slug (D:1)
  3 orcs (D:3)
  3 bats
  5 endoplasms (D:1)
  3 giant cockroaches
  15 goblins
  9 hobgoblins
  2 quokkas
  6 ball pythons
  6 frilled lizards
  4 kobolds
  6 rats
72 creatures vanquished.

Vanquished Creatures (others)
  3 plants (D:1)
3 creatures vanquished.

Grand Total: 75 creatures vanquished

Notes
Turn   | Place    | Note
-------+----------+-------------------------------------------
     0 | D:1      | Sabo the Octopode Earth Elementalist began the quest for
                  | the Orb.
     0 | D:1      | Reached XP level 1. HP: 11/11 MP: 3/3
   210 | D:1      | Reached XP level 2. HP: 17/17 MP: 1/5
   397 | D:1      | Found a faded altar of an unknown god.
   405 | D:1      | Prayed at the altar of an unknown god.
   405 | D:1      | Became a worshipper of Qazlal Stormbringer
   405 | D:1      | Reached * piety under Qazlal
   640 | D:1      | Reached XP level 3. HP: 14/21 MP: 1/6
  1545 | D:2      | Found Qepporch's Antique Armour Shoppe.
  1587 | D:2      | Noticed Robin
  1612 | D:2      | HP: 1/21 [Robin/+0 whip (3)]
  1617 | D:2      | Killed Robin
  1618 | D:2      | Reached skill level 4 in Earth Magic
  1618 | D:2      | Reached XP level 4. HP: 9/27 MP: 1/8
  1806 | D:2      | Found Werr's General Store.
  1835 | D:2      | Reached ** piety under Qazlal
  1975 | D:2      | Found Yfeomm's Book Shoppe.
  2048 | D:2      | Found Zurchurhi's Weapon Shoppe.
  2463 | D:2      | Noticed Natasha
  2465 | D:2      | Killed Natasha
  2536 | D:2      | Reached XP level 5. HP: 32/32 MP: 6/9
  2774 | D:2      | Noticed Natasha
  2778 | D:2      | Killed Natasha
  3277 | D:3      | Reached skill level 5 in Earth Magic
  3277 | D:3      | Reached XP level 6. HP: 32/37 MP: 6/11
  3353 | D:3      | Identified the +1 leather armour "Urghisir" {Dex+5}
  3480 | D:3      | Slain by an orc wizard

Illustrated notes

Levels and vault maps discovered:
D:1:      nzn_arrival_crosshair, layout_basic,
          shapermc_ecumenical_altar_hornbeckon, nicolae_grassy_gnolls
D:2:      layout_basic, serial_shops, shop, nicolae_square_shop,
          nicolae_shop_stone, nicolae_lakefront_shop, uniq_robin, uniq_natasha
D:3:      layout_loops_ring

Skill      XL: |  1  2  3  4  5 |
---------------+----------------+-----
Earth Magic    | 4 5 |  5.2
Spellcasting   | 3 |  3.6
Fighting       | |  0.5
Maces & Flails | |  0.1
Dodging        | |  2.3
Stealth        | |  2.9
Transmutations | |  1.0

Action                     |  1- 3 |  4- 6 || total
---------------------------+-------+-------++-------
  Melee: Dagger            |     7 |       ||     7
         Constrict         |     4 |     4 ||     8
         Mace              |     5 |    10 ||    15
         Tentacles         |     4 |     3 ||     7
   Cast: Sandblast         |    47 |    46 ||    93
    Use: Potion            |     2 |       ||     2
 Armour: Skin              |     4 |     1 ||     5
  Dodge: Dodged            |    18 |    31 ||    49
  Block: Other             |     3 |     2 ||     5

Table legend: (Time is in decaauts)
 A = Elapsed time spent in this place.
 B = Non-inter-level travel time spent in this place.
 C = Inter-level travel time spent in this place.
 D = Time resting spent in this place.
 E = Time spent auto-exploring this place.
 F = Levels seen in this place.
 G = Mean time per level.
                   A        B        C        D        E       F      G
               +--------+--------+--------+--------+--------+-----+--------+
         Total |   3529 |   3529 |      0 |   1159 |      0 |   3 | 1176.3 |
       Dungeon |   3529 |   3529 |      0 |   1159 |      0 |   3 | 1176.3 |
               +--------+--------+--------+--------+--------+-----+--------+

Top non-repeatable levels by time:
     D:1: 1461 daAuts
     D:2: 1457 daAuts
     D:3: 610 daAuts
